 Dungeon Crawl Stone Soup version 0.18-a0-1312-gf98331d (webtiles) character file.

136 KarvaRausku the Changer (level 4, -4/36 HPs)
             Began as a Draconian Transmuter on Feb 14, 2016.
             Slain by a worker ant (8 damage)
             ... on level 3 of the Dungeon.
             The game lasted 00:11:03 (2533 turns).

KarvaRausku the Changer (Draconian Transmuter)      Turns: 2533, Time: 00:11:03

Health: -4/36      AC:  5    Str: 12    XL:     4   Next: 98%
Magic:  5/7        EV: 12    Int: 16    God:
Gold:   165        SH:  0    Dex: 12    Spells: 2 memorised, 3 levels left

rFire  + . .     SeeInvis +       - Unarmed
rCold  . . .     Gourm    .     (armour unavailable)
rNeg   . . .     Faith    .     (no shield)
rPois  .         Spirit   .     (helmet restricted)
rElec  .         Dismiss  .     (no cloak)
rCorr  .         Reflect  .     (no gloves)
SustAt .         Harm     .     (no boots)
MR     .....                    (no amulet)
Stlth  +.........               (no ring)
                                j - +2 ring of intelligence

@: lethally poisoned (-4 -> -15), appendage (expiring), very slightly
contaminated, invisible, not resistant to hostile enchantments, very unstealthy
A: unfitting armour, horns 2, see invisible, fire resistance 1, cold-blooded, AC
+5
a: End Transformation


You were on level 3 of the Dungeon.
You were very hungry.
You had grown temporary horns.
You visited 1 branch of the dungeon, and saw 3 of its levels.

You collected 165 gold pieces.

Inventory:

Hand Weapons
 u - a +0 blowgun
Missiles
 a - 12 arrows
 v - 26 poisoned needles
 A - 14 sling bullets of frost
 D - 65 stones (quivered)
Jewellery
 j - a +2 ring of intelligence (left hand)
 r - an uncursed ring of stealth {unknown}
 w - an uncursed ring of positive energy {unknown}
Scrolls
 f - 4 scrolls of identify {unknown}
 h - a scroll of random uselessness {unknown}
 i - a scroll of enchant armour {unknown}
 l - a scroll of noise {unknown}
 m - 2 scrolls of remove curse {unknown}
 n - a scroll of magic mapping {unknown}
 p - a scroll of amnesia {unknown}
 s - a scroll of teleportation {unknown}
Potions
 d - a potion of mutation
 e - a potion of degeneration {unknown}
 g - a potion of curing {unknown}
 x - a potion of beneficial mutation {unknown}
 z - a potion of agility {unknown}
 C - a potion of berserk rage {unknown}
Books
 b - a book of Changes

   Spells                             Type                      Level
   a - Beastly Appendage              Transmutation                1
   b - Sticks to Snakes               Transmutation                2
   c - Spider Form                    Transmutation/Poison         3
   d - Ice Form                       Ice/Transmutation            4
   e - Blade Hands                    Transmutation                5
 y - a book of Geomancy

   Spells                             Type                      Level
   a - Sandblast                      Earth                        1
   b - Passwall                       Transmutation/Earth          2
   c - Stone Arrow                    Conjuration/Earth            3
   d - Petrify                        Transmutation/Earth          4
   e - Lee's Rapid Deconstruction     Earth                        5
Comestibles
 c - 3 bread rations
 k - 2 slices of pizza
 q - a beef jerky


   Skills:
 + Level 2.2 Fighting
 - Level 1.7 Dodging
 + Level 3.6 Unarmed Combat
 - Level 2.0 Spellcasting
 - Level 4.3 Transmutations


You had 3 spell levels left.
You knew the following spells:

 Your Spells              Type           Power        Failure   Level  Hunger
a - Beastly Appendage     Trmt           ###...       4%          1    #......
b - Spider Form           Trmt/Pois      #.........   28%         3    ###....


Dungeon Overview and Level Annotations

Branches:
Dungeon (3/15)

Altars:
Fedhas


Innate Abilities, Weirdness & Mutations

Your plain brown scales are hard (AC +5).
Your body does not fit into most forms of armour.
You are cold-blooded and may be slowed by cold attacks.
You have a pair of horns on your head.
You have supernaturally acute eyesight.
Your flesh is heat resistant.


Message History

The worker ant is severely wounded.
* * * LOW HITPOINT WARNING * * *
You feel sick.
The worker ant bites you but does no damage.
Drink which item? (? for menu, Esc to quit)
It was a potion of mutation.
You feel extremely strange.
You feel resistant to heat.
Your vision sharpens.
Your transformation is almost over.
* * * LOW HITPOINT WARNING * * *
You feel sick. The worker ant completely misses you.
Drink which item? (? for menu, Esc to quit)
It was a potion of invisibility.
You fade into invisibility!
You are feeling very hungry.
* * * LOW HITPOINT WARNING * * *
You feel sick. The worker ant misses you.
You are very lightly contaminated with residual magic.
* * * LOW HITPOINT WARNING * * *
You feel sick. The worker ant bites you!
You die...

###### #........#### #....#
###.........#### # #....#
#...........[. # #....########
#............. ###....#......#
#..........#.#
.##....#......######..........#.#
..+....+...........'.............
.##....#......######.........##.#
................@................
.######.########.a..###...P.P...#
.# #.# #........# #.#.._...## .#
#.# #.#......# #.#.P.P..#
.######.# #.#.#...(# #.#.....##
........# #.#.#....# #.#)######
........####.#.#....# #.#()....#
...............#....# #.#......#
.......#####.###....###.#......#


You could see a worker ant.

Vanquished Creatures
  An orc priest (D:3)
  3 adders
  An ooze (D:3)
  4 worms
  2 giant geckos (D:1)
  8 orcs (D:3)
  7 bats
  A giant cockroach (D:1)
  8 goblins
  2 hobgoblins
  5 giant newts
  9 kobolds
  5 rats
56 creatures vanquished.

Notes
Turn   | Place    | Note
--------------------------------------------------------------
     0 | D:1      | KarvaRausku the Draconian Transmuter began the quest for the Orb.
     0 | D:1      | Reached XP level 1. HP: 16/16 MP: 3/3
   245 | D:1      | Reached XP level 2. HP: 17/23 MP: 3/5
   900 | D:1      | Reached XP level 3. HP: 28/28 MP: 6/6
   905 | D:1      | Learned a level 3 spell: Spider Form
  1193 | D:2      | HP: 1/28 [hobgoblin/club (2)]
  1368 | D:2      | Reached skill level 4 in Transmutations
  1746 | D:3      | Reached XP level 4. HP: 22/35 MP: 5/7
  1947 | D:3      | Found a blossoming altar of Fedhas.
  2423 | D:3      | Found a faded altar to an unknown god.
  2531 | D:3      | Gained mutation: Your flesh is heat resistant. [potion of mutation]
  2531 | D:3      | Gained mutation: You have supernaturally acute eyesight. [potion of mutation]
  2533 | D:3      | Slain by a worker ant

Vault maps used:
D:1:      dpeg_arrival_short_road, hangedman_decor_growths
D:2:      first_bread
D:3:      fedhas_altar_1, ecumenical_altar_1

Action                   |  1- 3 |  4- 6 || total
-------------------------+-------+-------++-------
Melee: Unarmed           |   145 |    85 ||   230
 Fire: Blowgun           |     5 |       ||     5
Throw: Stone             |       |     2 ||     2
 Cast: Beastly Appendage |    19 |     5 ||    24
       Spider Form       |     5 |     2 ||     7
  Use: Potion            |     1 |     3 ||     4
 Stab: Distracted        |     1 |       ||     1
  Eat: Chunk             |     3 |     3 ||     6
